 Dungeon Crawl Stone Soup version 0.32-a0-893-gf85d74f360 (webtiles) character file.

Game seed: 6861660977361565980

10526 Autsider the Geomancer (level 11, -14/69 HPs)
             Began as a Gargoyle Earth Elementalist on Apr 3, 2024.
             Was an Initiate of Gozag.
             Demolished by a boulder beetle (38 damage)
             ... on level 11 of the Dungeon.
             The game lasted 00:31:21 (13783 turns).

Autsider the Geomancer (GrEE)                      Turns: 13783, Time: 00:31:21

Health: -14/69     AC: 15    Str: 17    XL:     11   Next: 63%
Magic:  5/20       EV: 28    Int: 20    God:    Gozag
Gold:   2081       SH:  6    Dex: 19    Spells: 10/23 levels left

rFire   + . .        y - +1 rapier of Leleguck {freeze, rN+ Str+5 Dex+3}
rCold   + . .        s - +0 buckler
rNeg    + + .        L - +1 robe {rC+ rF+}
rPois   ∞            C - +0 helmet
rElec   +            l - +0 cloak
rCorr   .            (no gloves)
SInv    .            m - +1 pair of boots
Will    .....        e - amulet of the acrobat
Stlth   ++           c - +6 ring of dexterity
HPRegen 0.31/turn    (no ring)
MPRegen 0.17/turn

%: acrobat
@: acrobatic
A: sickness immunity, AC +8, negative energy resistance 1, electricity
resistance, torment resistance 1, petrification resistance
a: Renounce Religion, Potion Petition, Call Merchant, Bribe Branch


You were on level 11 of the Dungeon.
You worshipped Gozag.
Gozag was most pleased with you.
You visited 2 branches of the dungeon, and saw 13 of its levels.

You collected 2200 gold pieces.
You paid 119 gold pieces to Gozag.

Inventory:

Hand Weapons
 y - the +1 rapier of Leleguck (weapon) {freeze, rN+ Str+5 Dex+3}
   (You found it on level 5 of the Dungeon)

   Str+5:     It affects your strength (+5).
   Dex+3:     It affects your dexterity (+3).
   rN+:       It protects you from negative energy.
 H - the +7 battleaxe "Dijaq" {heavy, rF+ Str+2}
   (You found it on level 7 of the Dungeon)

   Str+2:     It affects your strength (+2).
   rF+:       It protects you from fire.
 M - a +5 morningstar of freezing
Missiles
 w - 4 throwing nets
 F - a curare-tipped dart
Armour
 j - the +1 leather armour "Viefeic" {Rampage Str+5 Stlth-}
   (You found it on level 10 of the Dungeon)

   Str+5:     It affects your strength (+5).
   Rampage:   It bestows one free step when moving towards enemies.
   Stlth-:    It makes you less stealthy.
 l - a +0 cloak (worn)
 m - a +1 pair of boots (worn)
 s - a +0 buckler (worn)
 C - a +0 helmet (worn)
 D - a +2 robe of fire resistance
 L - a +1 robe of resistance (worn)
Jewellery
 c - a +6 ring of dexterity (left hand)
 e - an amulet of the acrobat (around neck)
 o - a ring of flight
Wands
 a - a wand of digging (5)
 t - a wand of roots (5)
 x - a wand of charming (9)
 z - a wand of polymorph (10)
Scrolls
 d - a scroll of amnesia
 f - a scroll of silence
 g - a scroll of fog
 i - a scroll of blinking
 r - 2 scrolls of teleportation {@r2}
 v - 3 scrolls of enchant armour
 A - 3 scrolls of poison
 E - 2 scrolls of revelation
 K - a scroll of vulnerability
 P - a scroll of noise
Potions
 b - 2 potions of magic
 h - 4 potions of curing {@q1}
 k - 4 potions of enlightenment
 n - 2 potions of might
 p - 2 potions of brilliance {unknown}
 q - 3 potions of ambrosia {unknown}
 u - 4 potions of haste {unknown}
 G - 3 potions of lignification {unknown}
 I - 2 potions of attraction {unknown}
 J - 2 potions of heal wounds {unknown}
 N - a potion of invisibility {unknown}
 O - a potion of berserk rage {unknown}
 Q - a potion of mutation {unknown}
Miscellaneous
 B - a phial of floods


   Skills:
 + Level 8.5 Fighting
 - Level 4.0 Armour
 + Level 4.6 Dodging
 - Level 2.1 Stealth
 - Level 6.0 Shields
 + Level 6.5 Spellcasting
 + Level 6.7 Conjurations
 - Level 3.0 Translocations
 + Level 10.5 Earth Magic
 - Level 4.0 Alchemy
 + Level 1.2 Evocations


You had 10 spell levels left.
You knew the following spells:

 Your Spells              Type           Power      Damage    Failure   Level
a - Sandblast             Erth           96%        2d20      1%          1
b - Stone Arrow           Conj/Erth      82%        3d12      1%          3
e - Petrify               Alch/Erth      35%        N/A       6%          4
w - Mephitic Cloud        Conj/Alch/Air  20%        N/A       9%          3
z - Blink                 Tloc           36%        N/A       5%          2

Your spell library contained the following spells:

 Spells                   Type           Power      Damage    Failure   Level
 Passwall                 Erth           48%        N/A       1%          3
 Momentum Strike          Conj/Tloc      52%        3d9       2%          2
 Brom's Barrelling Bould  Conj/Erth      41%        2d6       3%          4
 Lesser Beckoning         Tloc           36%        N/A       5%          2
 Dazzling Flash           Conj/Hex       40%        N/A       9%          3
 Fugue of the Fallen      Necr           6%         N/A       36%         3
 Bombard                  Conj/Erth      20%        9d4       47%         6
 Curse of Agony           Necr           6%         N/A       98%         5
 Silence                  Hex/Air        3%         N/A       98%         5
 Conjure Ball Lightning   Conj/Air       10%        3x3d6     99%         6
 Discord                  Hex            3%         N/A       100%        8
 Disjunction              Tloc           9%         N/A       100%        8
 Cigotuvi's Dreadful Rot  Necr/Alch/Air  Unusable   N/A       N/A         2

Dungeon Overview and Level Annotations

Branches:
Dungeon (12/15)            Temple (1/1) D:5            Lair (0/5) D:8
    Orc: D:9-12

Altars:
Ashenzari
Cheibriados
Dithmenos
Elyvilon
Fedhas
Gozag
Hepliaklqana
Kikubaaqudgha
Makhleb
Nemelex Xobeh
Okawaru
Qazlal
Ru
Sif Muna
Trog
Uskayaw
Vehumet
Wu Jian
Xom
Yredelemnul
Zin
The Shining One

Annotations:
D:7 exclusion: downstairs
D:8 Joseph


Innate Abilities, Weirdness & Mutations

You are immune to sickness and miasma.
Your stone body is resilient. (AC +8)
You are immune to poison.
You resist negative energy. (rN+)
You are resistant to electric shocks. (rElec)
You are resistant to unholy torment.
You are immune to petrification.


Message History

The boulder beetle closely misses you.
The boulder beetle attacks as it pursues you!
The boulder beetle bites you but does no damage.
There is an open door here.
Casting: Blink (safe; 5% risk of failure)
Confirm with . or Enter, or press ? or * to list all spells.
You don't have enough magic to cast this spell.
The boulder beetle leaps!
The boulder beetle waves its antennae.
The boulder beetle leaps!
There is an open door here.
There is an open door here.
There is an open door here.
A boulder beetle is nearby!
The boulder beetle curls into a ball and begins rolling!
Casting: Blink (safe; 5% risk of failure)
Confirm with . or Enter, or press ? or * to list all spells.
Aiming: Mephitic Cloud (dangerous; 9% risk of failure)
Press: ? - help, Shift-Dir - straight line, f - boulder beetle
Aim: a boulder beetle (rolling, chance to affect: 43%)
The ball explodes into a vile cloud!
The stinking cloud engulfs the boulder beetle.
The boulder beetle is engulfed in noxious fumes.
The boulder beetle completely misses you.
The boulder beetle stops rolling and uncurls.
The boulder beetle attacks as it pursues you!
The boulder beetle bites you!!
* * * LOW HITPOINT WARNING * * *
The boulder beetle leaps!
There is an open door here.
The boulder beetle curls into a ball and begins rolling!
The boulder beetle hits you.
* * * LOW HITPOINT WARNING * * *
The boulder beetle stops rolling and uncurls.
The boulder beetle curls into a ball and begins rolling!
There is an open door here.
The boulder beetle hits you!!!
Ouch! That really hurt!
You die...
Your body crumbles into a pile of gold.

#.## #..# ##+###
#######'##
#....######........#
#....##...'........#
#....'..###........+
#.°..#### #........#
#..B.# #........#
###@## #........#
#.# #######+## #.#
##.# #..# #.##
##'### #####+###
#....#######.......#
#....'.....+.......#


You could see a boulder beetle (rolling).

Vanquished Creatures
  The ghost of p0werm0de the Fighter, a journeyman CoCK of Xom (D:10)
  Erolcha (D:10)
  A two-headed ogre (D:11)
  2 gargoyles
  5 trolls
  A hornet (D:9)
  A shadow (D:11)
  3 slime creatures
  2 wyverns
  9 yaks
  A steam dragon (D:8)
  Menkaure (D:4)
  A water moccasin (D:6)
  An orc warrior (D:10)
  2 black bears
  A sky beast (D:8)
  An ice beast (Temple)
  An ogre (D:5)
  The ghost of NotYourErnst the Conjurer, an amateur DgRe (D:4)
  A centaur (D:10)
  2 phantoms
  6 kobold brigands
  3 bullfrogs
  A scorpion (D:4)
  23 wights
  4 killer bees (D:11)
  4 howler monkeys
  A quasit (D:5)
  3 bombardier beetles
  2 gnoll boudas
  8 hounds
  2 jellies
  4 orc priests
  A sleepcap (D:6)
  An iguana (D:5)
  7 orc wizards
  13 gnolls
  7 adders
  2 shadow imps (D:8)
  6 white imps
  7 ufetubi
  A ribbon worm (D:2)
  2 dart slugs
  39 orcs
  12 bats
  5 endoplasms
  A giant cockroach (D:1)
  11 goblins
  7 hobgoblins
  13 jackals
  2 quokkas
  5 ball pythons
  5 frilled lizards
  28 kobolds
  8 rats
283 creatures vanquished.

Notes
Turn   | Place    | Note
-------+----------+-------------------------------------------
     0 | D:1      | Autsider the Gargoyle Earth Elementalist began the quest
                  | for the Orb.
     0 | D:1      | Reached XP level 1. HP: 10/10 MP: 3/3
   106 | D:1      | Reached XP level 2. HP: 15/16 MP: 1/5
   236 | D:1      | Reached skill level 4 in Earth Magic
   543 | D:1      | Reached skill level 1 in Fighting
   717 | D:1      | Reached XP level 3. HP: 20/20 MP: 3/6
   721 | D:1      | Learned a level 3 spell: Stone Arrow
  1452 | D:2      | Found a shadowy altar of Dithmenos.
  1476 | D:2      | Reached XP level 4. HP: 25/25 MP: 5/7
  2263 | D:3      | Reached skill level 5 in Earth Magic
  2329 | D:3      | Reached XP level 5. HP: 30/30 MP: 7/9
  3344 | D:4      | Reached XP level 6. HP: 36/36 MP: 6/10
  3373 | D:4      | Reached skill level 1 in Armour
  3435 | D:4      | Noticed Menkaure
  3442 | D:4      | Reached skill level 1 in Shields
  3443 | D:5      | Entered Level 5 of the Dungeon
  3502 | D:4      | Killed Menkaure
  3783 | D:4      | Found a large runed translucent door.
  3784 | D:4      | Found a large runed translucent door.
  3786 | D:4      | Noticed NotYourErnst's ghost (amateur DgRe)
  4023 | D:4      | Found a hazy altar of Hepliaklqana.
  4437 | D:4      | Killed NotYourErnst's ghost
  4438 | D:4      | Reached skill level 6 in Earth Magic
  4438 | D:4      | Reached XP level 7. HP: 28/40 MP: 2/11
  4563 | D:5      | Found a staircase to the Ecumenical Temple.
  4571 | Temple   | Entered the Ecumenical Temple
  4585 | Temple   | Became a worshipper of Gozag Ym Sagoz the Greedy
  4736 | D:5      | Found a shimmering altar of Xom.
  5086 | D:5      | Reached XP level 8. HP: 32/46 MP: 6/13
  5618 | D:5      | Learned a level 2 spell: Blink
  5917 | D:5      | Reached skill level 7 in Earth Magic
  6033 | D:5      | Identified the +1 rapier of Leleguck {freeze, rN+ Str+5
                  | Dex+3}
  6474 | D:6      | Reached skill level 1 in Translocations
  6647 | D:6      | Got Sif Muna's Codex of Grave Talus
  7058 | D:6      | Reached XP level 9. HP: 52/52 MP: 12/15
  7941 | D:7      | Reached skill level 8 in Earth Magic
  8114 | D:7      | Found a broken altar of Ashenzari.
  8422 | D:7      | Identified the +7 battleaxe "Dijaq" {heavy, rF+ Str+2}
  8438 | D:7      | Found a sparkling altar of Nemelex Xobeh.
  8441 | D:7      | Found a blossoming altar of Fedhas.
  8884 | D:8      | Reached skill level 5 in Fighting
  8892 | D:8      | Reached skill level 5 in Conjurations
  8980 | D:8      | Noticed Joseph
  9026 | D:8      | Noticed a gargoyle
  9036 | D:8      | Killed a gargoyle
  9060 | D:8      | Reached skill level 5 in Spellcasting
  9183 | D:8      | Noticed a troll
  9187 | D:8      | Killed a troll
  9188 | D:8      | Reached XP level 10. HP: 60/60 MP: 9/17
  9253 | D:8      | Reached skill level 9 in Earth Magic
 10384 | D:8      | Found a staircase to the Lair.
 10897 | D:9      | Learned a level 3 spell: Mephitic Cloud
 11093 | D:9      | Reached skill level 10 in Earth Magic
 11221 | D:9      | Reached skill level 1 in Alchemy
 11237 | D:9      | Reached skill level 5 in Shields
 11440 | D:9      | Found an iron altar of Okawaru.
 11596 | D:9      | Reached XP level 11. HP: 43/68 MP: 15/20
 11880 | D:9      | Found a bloodstained altar of Trog.
 12183 | D:10     | Entered Level 10 of the Dungeon
 12296 | D:10     | Noticed Erolcha
 12304 | D:10     | Killed Erolcha
 12539 | D:10     | Found a snail-covered altar of Cheibriados.
 12723 | D:10     | Found a sacrificial altar of Ru.
 12723 | D:10     | Found a shadowy altar of Dithmenos.
 12775 | D:10     | Identified the +1 leather armour "Viefeic" {Rampage Str+5
                  | Stlth-}
 12883 | D:10     | Found a runed translucent door.
 12883 | D:10     | Noticed p0werm0de's ghost (journeyman CoCK)
 13042 | D:10     | Learned a level 4 spell: Petrify
 13167 | D:10     | Killed p0werm0de's ghost
 13476 | D:11     | Noticed a two-headed ogre
 13483 | D:11     | Killed a two-headed ogre
 13549 | D:11     | Reached skill level 1 in Evocations
 13720 | D:11     | Noticed a boulder beetle
 13737 | D:12     | Noticed a purple ugly thing
 13783 | D:11     | Demolished by a boulder beetle

Illustrated notes

Levels and vault maps discovered:
D:1:      minmay_arrival_plants_in_alcoves, layout_basic, dk_noncrumbling_3
D:2:      layout_loops_corners, basic_altar, nrook_mini_backslash,
          guppyfry_early_orc_mine
D:3:      layout_basic
D:4:      layout_layer_cave, mainiacjoe_overflow_cross_hatched,
          ebering_ghost_disaster_area, uniq_menkaure
D:5:      layout_loops_corners, xom_teletrap_fun,
          minmay_temple_entry_glassed_door, serial_demonic, serial_demonic_b,
          serial_demonic_e, serial_demonic_g, serial_demonic_e,
          serial_demonic_a, minmay_quadrilaterals
D:6:      layout_basic, kennysheep_small_square
D:7:      layout_gridville, minitemple, ashenzari_altar_1
D:8:      minmay_distorted_concentric_squares, layout_cave_pods,
          lair_entry_dummy, uniq_joseph
D:9:      layout_irregular_city, overflow_temple_1_default,
          general_overflow_altar
D:10:     layout_roguey, gammafunk_temple_overflow_statue, lemuel_doored_altar,
          gammafunk_ghost_grave, nicolae_letterblocks [nicolae_letter_subblock,
          nicolae_letter_subblock, nicolae_letter_subblock,
          nicolae_letter_subblock, nicolae_letter_subblock,
          nicolae_letter_subblock, nicolae_letter_subblock,
          nicolae_letter_subblock, nicolae_letter_subblock,
          nicolae_letter_subblock, nicolae_letter_subblock,
          nicolae_letter_subblock, nicolae_letter_subblock,
          nicolae_letter_subblock, nicolae_letter_subblock,
          nicolae_letter_subblock, nicolae_letter_subblock,
          nicolae_letter_subblock, nicolae_letter_subblock,
          nicolae_letter_subblock, nicolae_letter_subblock,
          nicolae_letter_subblock, nicolae_letter_subblock,
          nicolae_letter_subblock, nicolae_letter_subblock], uniq_erolcha
D:11:     layout_roguey
D:12:     layout_rooms, david_orc_2, serial_shops, nicolae_shop_crystal,
          minmay_misc_feat_doors, lemuel_freeze_loot_1
Temple:   nicolae_temple_slightly_damp_pantheon

Skill      XL: |  1  2  3  4  5  6  7  8  9 10 11 |
---------------+----------------------------------+-----
Earth Magic    | 4 5 6 7 8 10 | 10.5
Fighting       | 1 2 3 4 5 8 |  8.5
Conjurations   | 2 3 4 5 6 |  6.7
Spellcasting   | 3 4 5 6 |  6.5
Armour         | 1 2 3 4 |  4.0
Shields        | 1 2 3 4 5 6 |  6.0
Dodging        | 2 3 4 |  4.6
Translocations | 1 3 |  3.0
Alchemy        | 2 4 |  4.0
Evocations     | 1 |  1.2
Stealth        | |  2.1

Action                     |  1- 3 |  4- 6 |  7- 9 | 10-12 || total
---------------------------+-------+-------+-------+-------++-------
  Melee: Unarmed           |     5 |       |       |       ||     5
         Mace              |       |     4 |     1 |       ||     5
         Rapier            |       |       |     1 |     3 ||     4
   Cast: Sandblast         |    59 |    74 |   250 |   205 ||   588
         Stone Arrow       |       |       |     8 |    17 ||    25
         Blink             |       |       |       |     2 ||     2
         Mephitic Cloud    |       |       |       |     6 ||     6
    Use: Scroll            |       |       |     4 |    12 ||    16
         Potion            |       |       |       |     1 ||     1
 Armour: Robe              |    15 |    20 |   153 |    94 ||   282
  Dodge: Dodged            |    15 |    24 |   147 |    87 ||   273
  Block: Buckler           |       |     5 |    75 |    37 ||   117

Table legend: (Time is in decaauts)
 A = Elapsed time spent in this place.
 B = Non-inter-level travel time spent in this place.
 C = Inter-level travel time spent in this place.
 D = Time resting spent in this place.
 E = Time spent auto-exploring this place.
 F = Levels seen in this place.
 G = Mean time per level.
                   A        B        C        D        E       F      G
               +--------+--------+--------+--------+--------+-----+--------+
         Total |  14086 |  13429 |    657 |    708 |  10445 |  13 | 1083.5 |
       Dungeon |  13649 |  13019 |    630 |    483 |  10329 |  12 | 1137.4 |
        Temple |    436 |    409 |     27 |    225 |    116 |   1 |  436.0 |
               +--------+--------+--------+--------+--------+-----+--------+

Top non-repeatable levels by time:
     D:8: 1891 daAuts
     D:5: 1515 daAuts
     D:6: 1408 daAuts
     D:9: 1343 daAuts
     D:7: 1292 daAuts
     D:3: 1253 daAuts
     D:4: 1208 daAuts
     D:2: 1197 daAuts
    D:10: 1182 daAuts
     D:1: 913 daAuts
    D:11: 441 daAuts
  Temple: 436 daAuts
    D:12: 1 daAuts
